[Event "*** Titled Tuesday Blitz"]
[Site "Chess.com"]
[Date "2019.12.03"]
[Round "3"]
[White "josiur"]
[Black "raviteja81293"]
[Result "1/2-1/2"]
[WhiteElo "2447"]
[BlackElo "2676"]
[TimeControl "180+2"]
[EndTime "13:42:17 PST"]
[Termination "Game drawn - insufficient material"]

1. e4 c6 2. d4 d5 3. Nd2 dxe4 4.
Nxe4 Nf6 5. Nxf6+ exf6 6. Nf3 Bd6 7. Be2 O-O 8. h3 Re8 9. O-O Nd7 10. c3 Nf8 11. Re1 Ng6 12. Bf1 Be6 13. a4 a5 14.
Bd2 Qc7 15. c4 Rad8 16. Qc2 Bf4 17. Bxf4 Nxf4 18. Rad1 h5 19. b3 g5 20. Re3 Kg7 21. Qb1 Rh8 22. Ne1 h4 23. Qb2 Rhe8 24.
Nd3 Ng6 25. Rf3 Bc8 26. d5 Ne5 27. Nxe5 Qxe5 28. Qd2 cxd5 29. cxd5 b6 30. Bb5 Bd7 31. Bxd7 Rxd7 32. Re3 Qb8 33. Rxe8 Qxe8 34. d6 Qe5 35. Qd3 Qc5 36. Rd2 Qc1+ 37. Rd1 Qf4 38. Rd2 Qe5 39. Rd1 f5 40. Kf1 Kg6 41. Rd2 Qh2 42. Qd5 Qf4 43. Rd4 Qc1+ 44. Rd1 Qc5 45. Qxc5 bxc5 46. Rd5 Kf6 47.
Rxc5 Rxd6 48. Rxa5 Rd1+ 49. Ke2 Rg1 50. Kf3 g4+ 51. hxg4 fxg4+ 52. Kxg4 Rxg2+ 53. Kxh4 Rxf2 54. Kg3 Rb2 55. Rb5 Ra2 56. a5 Ke6 57. b4 Kd6 58. Rb6+ Kc7 59. Kf4 Rc2 60. b5 Ra2 61. Ra6 Kb7 62.
Rb6+ Kc7 63. Rc6+ Kd7 64. a6 Ra4+ 65. Kf5 Rb4 66. Rb6 Ra4 67. Rb7+ Kc8 68. Rxf7 Kb8 69.
Rb7+ Ka8 70. Rb6 Ka7 71. Rc6 Rb4 72. Rc7+ Ka8 73. Rc5 Ka7 74. Ke5 Kb6 75. Kd5 Rb1 76. Rc6+ Kxb5 77. a7 Rd1+ 78. Ke6 Rd8 79. Ke7 Ra8 80. Rc7 Kb6 81. Kd7 Rxa7 82. Rxa7 Kxa7 1/2-1/2

[Event "*** Titled Tuesday Blitz"]
[Site "Chess.com"]
[Date "2019.12.03"]
[Round "3"]
[White "OparinGrigoriy"]
[Black "joshdaruca"]
[Result "1/2-1/2"]
[WhiteElo "3014"]
[BlackElo "2706"]
[TimeControl "180+2"]
[EndTime "13:42:39 PST"]
[Termination "Game drawn by stalemate"]

1. Nf3 Nf6 2. g3 b5 3. c4 a6 4. b3 c5 5. Bg2 Bb7 6. O-O e6 7. Bb2 Be7 8. d4 cxd4 9. cxb5 axb5 10. Qxd4 O-O 11. Nc3 b4 12. Na4 Bc6 13. Ne5 Bxg2 14. Kxg2 d6 15. Nc4 Nc6 16. Qb6 Qxb6 17. Ncxb6 Ra6 18.
Rac1 Na7 19. Rc7 Bd8 20. Rb7 Bxb6 21. Nxb6 Rxa2 22. Bxf6 gxf6 23. Nd7 Rc8 24. Nxf6+ Kg7 25. Nh5+ Kf8 26. e4 Rcc2 27. Nf6 h6 28. e5 dxe5 29. Nd7+ Ke8 30. Nxe5 f6 31. Nd3 Nc6 32. Nxb4 Nxb4 33. Rxb4 Kf7 34. Rh4 Kg6 35. Rg4+ Kf7 36. Rf4 Rab2 37.
Rf3 Rc6 38. Ra1 e5 39. Ra7+ Kg6 40. h4 h5 41. Ra4 Rb6 42. g4 R2xb3 43. gxh5+ Kxh5 44. Rg3 R3b4 45. Ra8 Rb8 46. Ra6 R4b6 47. Ra7 R6b7 48.
Ra4 Rd8 49. Ra6 Rf7 50. Ra1 Rd4 51. Ra8 Rh7 52. Rf8 Rh6 53. Rf3 Rg4+ 54. Kf1 Rgg6 55. Rh3 Kg4 56. Rg3+ Kxh4 57. Rf3 Kg5 58. Ke2 Rh4 59.
Rd8 Rf4 60. Rg3+ Kf5 61. Rh3 Rg2 62. Rf3 Rxf3 63. Kxf3 Rh2 64. Rd5 Rh3+ 65. Ke2 Ra3 66. Rb5 Kf4 67. Rb4+ e4 68. Rb5 Ra1 69. Rb4 f5 70. Rb3 Ra2+ 71. Kf1 Kg4 72. Rb4 Rd2 73.
Kg2 Rd3 74. Ra4 Rd2 75. Rb4 Kg5 76. Kf1 Kf4 77. Kg2 Ra2 78. Rc4 Ke5 79. Rc5+ Kf6 80.
Rc4 Ke5 81. Rc5+ Ke6 82. Rb5 e3 83. Kf3 exf2 84. Kg2 Kf6 85. Rb4 Kg5 86. Kf1 f4 87. Rb3 Kg4 88. Rc3 Rb2 89. Ra3 Rd2 90. Rb3 Kf5 91.
Ra3 Ke4 92. Rb3 Rc2 93. Ra3 Rb2 94. Rc3 Rd2 95. Ra3 Kf5 96. Rb3 Kg4 97. Ra3 Rb2 98.
Rc3 Rb8 99. Kxf2 Rb2+ 100. Kf1 Rh2 101. Ra3 Rh3 102. Rxh3 Kxh3 103. Kf2 Kg4 104. Kg2 f3+ 105. Kf2 Kf4 106. Kf1 Ke3 107. Ke1 Ke4 108. Kf2 Kf4 109. Kf1 Ke3 110. Ke1 f2+ 111. Kf1 Kf3 1/2-1/2

[Event "*** Titled Tuesday Blitz"]
[Site "Chess.com"]
[Date "2019.12.03"]
[Round "3"]
[White "vladimirdamjanovic"]
[Black "andrzej"]
[Result "1/2-1/2"]
[WhiteElo "2597"]
[BlackElo "2380"]
[TimeControl "180+2"]
[EndTime "13:44:18 PST"]
[Termination "Game drawn by repetition"]

1. Nf3 Nf6 2. c4 e6 3. Nc3 d5 4. e3 b6 5. cxd5 exd5 6. d4 Be7 7. Bd3 O-O 8. O-O Ba6 9. Bxa6 Nxa6 10. Ne5 Nb8 11.
Qa4 Qe8 12. Qb3 c6 13. Qa4 Bd6 14. Nd3 Qe7 15. Bd2 b5 16. Qc2 Nbd7 17. Ne2 Ne4 18. Be1 Rac8 19. f3 Nef6 20. Bf2 Rfe8 21. Rfc1 Nb6 22.
b3 Ba3 23. Re1 Bd6 24. Rac1 Bb8 25. Nc5 Nbd7 26. g3 Nf8 27. Kg2 Ng6 28. Na6 Bd6 29.
Nf4 Qd7 30. Nc5 Qc7 31. Nfd3 h5 32. e4 dxe4 33. fxe4 Ng4 34. Bg1 h4 35. e5 Bf8 36.
h3 Nh6 37. g4 Rcd8 38. Re4 Ne7 39. Bh2 Qc8 40. Rce1 Nd5 41. Qf2 Bxc5 42. Nxc5 Ne7 43. e6 fxe6 44. Rxe6 Nd5 45. g5 Nf7 46. g6 Nh6 47.
Rxe8+ Rxe8 48. Rxe8+ Qxe8 49. Be5 Qf8 50. Qd2 Nf5 51.
Kh2 Qe7 52. Nd3 Nfe3 53. Qf2 Qe6 54. Nf4 Qf5 55. Qf3 Qc2+ 56. Ng2 Qf5 57. Qxf5 Nxf5 58. Kg1 Nfe7 59. Kf2 Nxg6 60. Bb8 a6 61. Kf3 Kf7 62. Kg4 Ke6 63. Nxh4 Nxh4 64. Kxh4 Ne3 65. Be5 g6 66. Kg5 Kf7 67. h4 Nd5 68. Bd6 Nc3 69. a3 Ne2 70. Be5 Nc1 71. b4 Nb3 72. Kf4 Nd2 73. Ke3 Nc4+ 74.
Kd3 Nxa3 75. Bf4 Ke6 76. Ke4 Nc4 77. Bc1 Nb6 78. Bg5 Nd5 79. Bd2 Nf6+ 80. Kf4 Nd5+ 81. Ke4 Nb6 82. Kf4 Nc4 83. Bc3 Nd6 84. Be1 Nf7 85. Ke4 Nd6+ 86. Kf4 Ne8 87. Ke4 Ng7 88. Kf4 Nf5 89. Bf2 Ne7 90. Kg5 Kf7 91. Be1 Nc8 92.
Bg3 Nb6 93. Be1 Nd5 94. Bd2 Nb6 95. Be1 Nc4 96. Bc3 Ne3 97. Bd2 Nd5 98. Be1 Nc7 99. Kf4 Kf6 100. Ke4 Ke6 101. Bd2 Nd5 102. Be1 Nb6 103. Bd2 Nd7 104. Be1 Nf6+ 105. Kf4 Ne8 106. Ke4 Ng7 107. Kf4 Nf5 108. Bf2 Ne7 109. Kg5 Kf7 110. Be1 Nd5 111. Bd2 Nb6 112. Kf4 Nc4 113. Bc3 Ke6 114. Kg5 Kf7 115. Kf4 Ke6 116. Kg5 Kf7 117. Kf4 1/2-1/2

[Event "*** Titled Tuesday Blitz"]
[Site "Chess.com"]
[Date "2019.12.03"]
[Round "4"]
[White "ferdipy"]
[Black "becemix"]
[Result "0-1"]
[WhiteElo "2201"]
[BlackElo "2492"]
[TimeControl "180+2"]
[EndTime "13:47:38 PST"]
[Termination "becemix won by resignation"]

1. e4 e5 2. Nf3 Nc6 3. Bc4 Bc5 4. c3 Nf6 5. d3 d6 6. O-O h6 7. a4 a6 8. Na3 Be6 9. Bxe6 fxe6 10. Nc2 O-O 11.
Be3 Bxe3 12. Nxe3 Qe8 13. b4 Nh5 14. g3 g5 15. Kg2 Qg6 16. h3 Rf7 17. Nh2 Raf8 18.
f3 Kh7 19. d4 exd4 20. Qxd4 Nxd4 0-1

[Event "*** Titled Tuesday Blitz"]
[Site "Chess.com"]
[Date "2019.12.03"]
[Round "4"]
[White "Slovak_fighter2000"]
[Black "XDPS"]
[Result "0-1"]
[WhiteElo "2383"]
[BlackElo "2735"]
[TimeControl "180+2"]
[EndTime "13:47:47 PST"]
[Termination "XDPS won by resignation"]

1. d4 d5 2. Bf4 e6 3. e3 Bd6 4. Bg3 Ne7 5. Nf3 Nf5 6. Bd3 Nxg3 7. hxg3 h6 8. Nbd2 Nd7 9. c3 e5 10. dxe5 Nxe5 11. Nxe5 Bxe5 12. Qh5 Bf6 13. Nf3 c6 14. Rd1 Qe7 15. O-O g6 16. Qh2 Kf8 17. Rfe1 Kg7 18. e4 dxe4 19. Bxe4 Qc7 20. Nd4 Re8 21. Nf3 Bg4 22. Bc2 Rad8 23. Rxe8 Rxe8 24. Kh1 Re2 25. Bb3 Rxf2 26. Re1 Bxf3 27. gxf3 Rxh2+ 0-1

[Event "*** Titled Tuesday Blitz"]
[Site "Chess.com"]
[Date "2019.12.03"]
[Round "4"]
[White "Marcin"]
[Black "Kimster98"]
[Result "1/2-1/2"]
[WhiteElo "2365"]
[BlackElo "2560"]
[TimeControl "180+2"]
[EndTime "13:47:50 PST"]
[Termination "Game drawn by agreement"]

1. d4 Nf6 2. c4 e6 3. g3 Bb4+ 4. Bd2 Bxd2+ 5. Nxd2 O-O 6. Bg2 d5 7. Ngf3 c6 8. Qc2 Nbd7 9. O-O b6 10. e4 Nxe4 11.
Nxe4 dxe4 12. Qxe4 Bb7 13. Rfd1 Qc7 14. Ne5 Nxe5 15.
dxe5 Rfd8 16. f4 Rxd1+ 17. Rxd1 Rd8 18. Bf3 Rxd1+ 19. Bxd1 c5 20. Qd3 Bc6 21. Kf2 Qd7 22. Qxd7 Bxd7 23. Bf3 Kf8 1/2-1/2

[Event "*** Titled Tuesday Blitz"]
[Site "Chess.com"]
[Date "2019.12.03"]
[Round "4"]
[White "crazy_machine"]
[Black "semchik73"]
[Result "1-0"]
[WhiteElo "2654"]
[BlackElo "2399"]
[TimeControl "180+2"]
[EndTime "13:47:54 PST"]
[Termination "crazy_machine won by checkmate"]

1. d4 d5 2. Nc3 Nf6 3. Bf4 a6 4. e3 Bf5 5. Nf3 e6 6. Ne5 c5 7. g4 Bg6 8. h4 h5 9. Nxg6 fxg6 10. Bd3 Kf7 11. g5 Nfd7 12. Qf3 Ke8 13. Bxg6+ Ke7 14.
Bg3 Nf6 15. gxf6+ gxf6 16. dxc5 Nc6 17. Bd6+ Kd7 18. Nxd5 Bxd6 19. Nxf6+ Kc8 20. cxd6 Ne5 21. d7+ Kb8 22. Qf4 Qc7 23. O-O-O Rd8 24. Ne8 Qc5 25.
Bxh5 b6 26. b4 Qc3 27. Qd4 Qa3+ 28. Kb1 Nc6 29. Qxb6# 1-0

[Event "*** Titled Tuesday Blitz"]
[Site "Chess.com"]
[Date "2019.12.03"]
[Round "4"]
[White "Philosopherrr"]
[Black "Denis_Palkovich"]
[Result "1-0"]
[WhiteElo "2444"]
[BlackElo "2230"]
[TimeControl "180+2"]
[EndTime "13:48:14 PST"]
[Termination "Philosopherrr won by resignation"]

1. e4 c6 2. d4 d5 3. exd5 cxd5 4. c4 Nf6 5. Nc3 Nc6 6. Bg5 dxc4 7. Bxc4 Qxd4 8. Qxd4 Nxd4 9. O-O-O e5 10. f4 Bg4 11.
Nf3 Bxf3 12. gxf3 Rc8 13. fxe5 Rxc4 14. exf6 h6 15. Rhe1+ Ne6 16. Rd8+ Kxd8 17. fxg7+ hxg5 18. gxh8=Q Kd7 19. Rxe6 1-0

[Event "*** Titled Tuesday Blitz"]
[Site "Chess.com"]
[Date "2019.12.03"]
[Round "4"]
[White "Misi_95"]
[Black "SmirnovAlexandrA"]
[Result "1-0"]
[WhiteElo "2679"]
[BlackElo "2344"]
[TimeControl "180+2"]
[EndTime "13:49:01 PST"]
[Termination "Misi_95 won by resignation"]

1. e4 c5 2. Nf3 d6 3. Bb5+ Nd7 4. d4 cxd4 5. Qxd4 a6 6. Bxd7+ Bxd7 7. Nc3 Nf6 8. Bg5 Qa5 9. Bxf6 gxf6 10. O-O Rg8 11.
Rfe1 Rc8 12. Nd5 Qc5 13. Qd2 Qxc2 14. Qb4 Bc6 15. Rac1 Qd3 16. Nd4 Bh6 17. Rxc6 bxc6 18. Qb7 1-0

[Event "*** Titled Tuesday Blitz"]
[Site "Chess.com"]
[Date "2019.12.03"]
[Round "4"]
[White "xamax2000"]
[Black "marcodobrikov"]
[Result "1-0"]
[WhiteElo "2549"]
[BlackElo "2348"]
[TimeControl "180+2"]
[EndTime "13:49:13 PST"]
[Termination "xamax2000 won by checkmate"]

1. e4 c5 2. Nf3 e6 3. d4 cxd4 4. Nxd4 Nc6 5. Nc3 Qc7 6. Be3 Nf6 7. f4 a6 8. e5 Ng8 9. Nxc6 Qxc6 10. Bd3 d5 11.
Ne2 Nh6 12. Nd4 Qc7 13. Qf3 Bd7 14. O-O-O Rc8 15. g4 b5 16. Rhf1 Bc5 17. Kb1 O-O 18. g5 Nf5 19. Nxf5 exf5 20. Bxc5 Qxc5 21. Qh5 g6 22.
Qh6 Be6 23. Rf3 f6 24. gxf6 Qc7 25. Rg3 Qf7 26. Rdg1 Kh8 27. Rxg6 Rg8 28. Rg7 Rc7 29. Qxh7# 1-0

[Event "*** Titled Tuesday Blitz"]
[Site "Chess.com"]
[Date "2019.12.03"]
[Round "4"]
[White "saraswathii"]
[Black "chessasuke"]
[Result "0-1"]
[WhiteElo "2227"]
[BlackElo "2620"]
[TimeControl "180+2"]
[EndTime "13:49:19 PST"]
[Termination "chessasuke won by resignation"]

1. e4 e6 2. d3 d5 3. Nd2 Nf6 4. Ngf3 b6 5. e5 Nfd7 6. d4 c5 7. c3 Ba6 8. Bxa6 Nxa6 9. O-O Be7 10. Qe2 Qc8 11. Rd1 cxd4 12. cxd4 Nb4 13. a3 Qa6 14. Qxa6 Nxa6 15. Nf1 b5 16. Bf4 Nb6 17. Ne3 h6 18. h4 Kd7 19. h5 Rhc8 20. Rac1 Nc4 21. Nxc4 bxc4 22. Kf1 Rab8 23. Rc2 Nc7 24. Ke2 Rb7 25. g4 Rcb8 26. Rdd2 Na8 27. g5 hxg5 28. Bxg5 Bf8 29. Kd1 Nb6 30. Kc1 Na4 0-1

[Event "*** Titled Tuesday Blitz"]
[Site "Chess.com"]
[Date "2019.12.03"]
[Round "4"]
[White "earling8018"]
[Black "goldenspine"]
[Result "0-1"]
[WhiteElo "1920"]
[BlackElo "2328"]
[TimeControl "180+2"]
[EndTime "13:49:31 PST"]
[Termination "goldenspine won by resignation"]

1. c4 Nf6 2. Nc3 g6 3. e4 e5 4. Nf3 Nc6 5. d4 exd4 6. Nxd4 Bg7 7. Nxc6 bxc6 8. Bd3 O-O 9. O-O d6 10. Bg5 h6 11. Bf4 Re8 12. Qd2 Kh7 13. h3 Nd7 14.
Rfe1 Ne5 15. Bf1 Rb8 16. Rad1 Qf6 17. Be3 a5 18. Ne2 Rxb2 19. Qxb2 Nf3+ 20. gxf3 Qxb2 21. Rd2 Qb4 22. Nd4 Bxd4 0-1

[Event "*** Titled Tuesday Blitz"]
[Site "Chess.com"]
[Date "2019.12.03"]
[Round "4"]
[White "SanchezKelvin"]
[Black "black_pawn_16"]
[Result "1-0"]
[WhiteElo "2435"]
[BlackElo "2145"]
[TimeControl "180+2"]
[EndTime "13:49:35 PST"]
[Termination "SanchezKelvin won by resignation"]

1. d4 f5 2. c4 Nf6 3. Nc3 e6 4. Nf3 Bb4 5. Qc2 d6 6. Rg1 O-O 7. h3 Nc6 8. a3 Bxc3+ 9. Qxc3 Ne4 10. Qc2 a5 11. b3 e5 12. Bb2 Qe8 13. e3 Nf6 14.
O-O-O h6 15. Be2 Ne4 16. Bf1 Nf6 17. dxe5 dxe5 18. c5 e4 19. Nd4 Ne5 20. f4 exf3 21. gxf3 Nxf3 22. Nxf3 Qxe3+ 23. Nd2 Qxg1 24. Bc4+ Kh7 25.
Rxg1 1-0

[Event "*** Titled Tuesday Blitz"]
[Site "Chess.com"]
[Date "2019.12.03"]
[Round "4"]
[White "PNEPaul"]
[Black "JoakimVonAnd"]
[Result "0-1"]
[WhiteElo "1708"]
[BlackElo "2389"]
[TimeControl "180+2"]
[EndTime "13:49:38 PST"]
[Termination "JoakimVonAnd won by resignation"]

1. e4 c6 2. d4 d5 3. exd5 cxd5 4. c4 Nf6 5. Nc3 g6 6. Nf3 Bg7 7. Be2 O-O 8. O-O Nc6 9. h3 dxc4 10. Bxc4 b6 11. d5 Na5 12. Be2 Nb7 13. Be3 Nd6 14. Qb3 Bb7 15. Rfd1 Nf5 16. Bc4 Rc8 17. Rac1 Nxe3 18.
fxe3 Bh6 19. Kf2 a6 20. Ne5 b5 21. d6 e6 22. Bxe6 fxe6 23. Qxe6+ Kg7 24. Qe7+ Qxe7 25.
dxe7 Rfe8 26. g4 Rxe7 0-1

[Event "*** Titled Tuesday Blitz"]
[Site "Chess.com"]
[Date "2019.12.03"]
[Round "4"]
[White "Walter_White_Poland"]
[Black "Quiet_Desperation"]
[Result "0-1"]
[WhiteElo "2319"]
[BlackElo "2491"]
[TimeControl "180+2"]
[EndTime "13:49:46 PST"]
[Termination "Quiet_Desperation won by resignation"]

1. e4 e6 2. d4 d5 3. Nc3 Nf6 4. Bg5 Be7 5. e5 Nfd7 6. Bxe7 Qxe7 7. f4 c5 8. Nf3 a6 9. Bd3 Nc6 10. dxc5 Nxc5 11. O-O Bd7 12. Qd2 f6 13. exf6 gxf6 14. Rae1 Qd6 15. f5 O-O-O 16. fxe6 Nxe6 17. Bf5 Rhg8 18. Qxd5 Rxg2+ 19. Kxg2 Nf4+ 20. Kh1 Nxd5 21. Bxd7+ Qxd7 22. Rd1 Qh3 23. Ng1 Qh5 0-1

[Event "*** Titled Tuesday Blitz"]
[Site "Chess.com"]
[Date "2019.12.03"]
[Round "4"]
[White "olksuna"]
[Black "DanielNaroditsky"]
[Result "0-1"]
[WhiteElo "2600"]
[BlackElo "2990"]
[TimeControl "180+2"]
[EndTime "13:49:47 PST"]
[Termination "DanielNaroditsky won by resignation"]

1. Nf3 d6 2. d4 Nf6 3. g3 g6 4. Bg2 Bg7 5. O-O O-O 6. c4 Nbd7 7. Nc3 e5 8. b3 c6 9. Ba3 exd4 10. Nxd4 Nc5 11.
Qc2 Qe7 12. Rad1 Re8 13. Rd2 Nfe4 14. Nxe4 Nxe4 15. Bxe4 Qxe4 16. Qxe4 Rxe4 17. Rfd1 Bh3 18. e3 Rd8 19. Ne2 Bg4 20. Kg2 Ree8 21. Bxd6 Rxd6 22.
Rxd6 Bxe2 23. Rd8 Kf8 24. R1d7 Rxd8 25. Rxd8+ Ke7 26. Ra8 Kd6 27. f3 Kc7 28. Rf8 Bxf8 0-1

[Event "*** Titled Tuesday Blitz"]
[Site "Chess.com"]
[Date "2019.12.03"]
[Round "4"]
[White "Parhamov"]
[Black "kuli4ik"]
[Result "1/2-1/2"]
[WhiteElo "3092"]
[BlackElo "2822"]
[TimeControl "180+2"]
[EndTime "13:50:03 PST"]
[Termination "Game drawn by repetition"]

1. Nf3 g6 2. c4 Bg7 3. Nc3 d6 4. g3 Nd7 5. Bg2 e5 6. O-O Ne7 7. d4 O-O 8. b3 exd4 9. Nd5 c5 10.
Bg5 f6 11. Nxe7+ Qxe7 12. Bd2 Ne5 13. e3 dxe3 14. Bxe3 Be6 15. Nxe5 dxe5 16. Bd5 Rac8 17. Qd2 b6 18. Rad1 Rf7 19. Qe2 h5 20. h4 Kh7 21.
Bxe6 Qxe6 22. Rd5 Rd7 23. Rfd1 Rcd8 24. Kg2 Rxd5 25. cxd5 Rxd5 26. Qc4 Rd6 27. Qxe6 Rxe6 28. Rd7 a5 29. a4 Rc6 30. Kf3 c4 31. bxc4 Rxc4 32.
Bxb6 Rxa4 33. Bc5 Kg8 34. Rd8+ Kh7 35. Rd7 Kg8 36. Rd8+ Kh7 37. Rd7 1/2-1/2

[Event "*** Titled Tuesday Blitz"]
[Site "Chess.com"]
[Date "2019.12.03"]
[Round "4"]
[White "Frolik67"]
[Black "maciek_92"]
[Result "0-1"]
[WhiteElo "2543"]
[BlackElo "2776"]
[TimeControl "180+2"]
[EndTime "13:50:03 PST"]
[Termination "maciek_92 won by resignation"]

1. e4 e5 2. Nf3 Nc6 3. Bc4 Nf6 4. d3 Be7 5. c3 O-O 6. Bb3 d6 7. O-O Kh8 8. h3 Ng8 9. d4 f5 10. exf5 e4 11. Nh2 Bxf5 12. Be3 d5 13. Nd2 Bd6 14. f4 exf3 15. Ndxf3 Nf6 16. Bc2 Ne4 17. Bd3 Qd7 18. Qc2 Rae8 19. Rae1 Bg3 20. Re2 Qd6 21.
Bc1 Qg6 22. a3 Bxh3 23. gxh3 Bxh2+ 24. Kh1 Ng3+ 25. Kg2 Rxe2+ 0-1

[Event "*** Titled Tuesday Blitz"]
[Site "Chess.com"]
[Date "2019.12.03"]
[Round "4"]
[White "Sankalp_Gupta2003"]
[Black "GelmanAlexander"]
[Result "1-0"]
[WhiteElo "2767"]
[BlackElo "2501"]
[TimeControl "180+2"]
[EndTime "13:50:05 PST"]
[Termination "Sankalp_Gupta2003 won by resignation"]

1. b3 c5 2. Bb2 e6 3. f4 b6 4. Nf3 Bb7 5. e3 f5 6. Be2 Nf6 7. O-O g6 8. Ne5 Bg7 9. Bf3 d5 10. c4 O-O 11. Nc3 Na6 12. d4 cxd4 13. Qxd4 Nc7 14. Rfd1 Qe7 15. a4 Rfd8 16. Ba3 Qe8 17. c5 bxc5 18. Bxc5 Nd7 19. Bxa7 Nxe5 20. fxe5 g5 21. Bb6 Rdc8 22. Rac1 g4 23. Be2 Ba6 24. Bxc7 Bxe2 25. Nxe2 1-0

[Event "*** Titled Tuesday Blitz"]
[Site "Chess.com"]
[Date "2019.12.03"]
[Round "4"]
[White "IMRosen"]
[Black "Bigfish1995"]
[Result "0-1"]
[WhiteElo "2601"]
[BlackElo "2991"]
[TimeControl "180+2"]
[EndTime "13:50:08 PST"]
[Termination "Bigfish1995 won by resignation"]

1. d4 Nf6 2. Bf4 g6 3. Nc3 Bg7 4. e4 d6 5. Qd2 Nc6 6. Nf3 Bg4 7. O-O-O Nd7 8. Qe3 Bxf3 9. gxf3 Bxd4 10. Qd2 a6 11. h4 h5 12. Rg1 Nde5 13. Be2 Bxf2 14. Rg2 Bxh4 15. Nd5 e6 16. Nc3 Bf6 17. Be3 Qe7 18.
f4 Ng4 19. Bg1 O-O-O 20. Kb1 Rhe8 21. Na4 d5 22. e5 Bh4 23. Bc5 Qd7 24. Ba3 Be7 25.
Nc5 Bxc5 26. Bxc5 d4 27. Rg3 Ne3 28. Rh1 Qd5 29. Rc1 Qxc5 30. c3 Nf5 0-1

[Event "*** Titled Tuesday Blitz"]
[Site "Chess.com"]
[Date "2019.12.03"]
[Round "4"]
[White "allvim"]
[Black "Glufs"]
[Result "0-1"]
[WhiteElo "2194"]
[BlackElo "2366"]
[TimeControl "180+2"]
[EndTime "13:50:08 PST"]
[Termination "Glufs won by resignation"]

1. e4 c6 2. Nc3 d5 3. Nf3 dxe4 4.
Nxe4 Nf6 5. Nxf6+ exf6 6. d4 Bd6 7. Bd3 O-O 8. O-O Bg4 9. h3 Bh5 10. c3 Nd7 11. Qc2 Bxf3 12. Bxh7+ Kh8 13. gxf3 g6 14. Bxg6 fxg6 15. Kh1 f5 16. Rg1 Kh7 17. Bg5 Be7 18. f4 Nf6 19. Rae1 Rf7 20. Re2 Ne4 21. h4 Nxg5 22. fxg5 Qd5+ 23. Kh2 Bd6+ 0-1

[Event "*** Titled Tuesday Blitz"]
[Site "Chess.com"]
[Date "2019.12.03"]
[Round "4"]
[White "M1711"]
[Black "LarissaSteenbekkers"]
[Result "1-0"]
[WhiteElo "2518"]
[BlackElo "1767"]
[TimeControl "180+2"]
[EndTime "13:50:11 PST"]
[Termination "M1711 won by resignation"]

1. e4 e6 2. d4 d5 3. e5 c5 4.
c3 Nc6 5. Nf3 Qb6 6. a3 Nh6 7.
b4 cxd4 8. cxd4 Nf5 9. Be3 f6 10.
exf6 gxf6 11. Bd3 Nxe3 12. fxe3 Bh6 13. Qe2 O-O 14. Nc3 Bd7 15. O-O Rac8 16. Na4 Qd8 17. b5 Na5 18. Nc5 b6 19. Na6 Nc4 20. Bxc4 Rxc4 21.
a4 e5 22. Qf2 Rc3 23. Qg3+ Kh8 24. dxe5 Rxe3 25. exf6 Qxf6 26. Nb4 Re2 27. Nxd5 Qb2 28. Rab1 Qa2 29. Nc3 Qc2 30. Nxe2 Qxe2 31. Qe5+ Qxe5 32. Nxe5 Be3+ 33. Kh1 1-0

[Event "*** Titled Tuesday Blitz"]
[Site "Chess.com"]
[Date "2019.12.03"]
[Round "4"]
[White "vlad10898"]
[Black "artooon"]
[Result "1/2-1/2"]
[WhiteElo "2686"]
[BlackElo "2802"]
[TimeControl "180+2"]
[EndTime "13:50:18 PST"]
[Termination "Game drawn by repetition"]

1. e4 e5 2. Nf3 Nc6 3. Bb5 Nf6 4.
d3 Bc5 5. Bxc6 dxc6 6. Nc3 Qe7 7. Be3 Bd6 8. h3 Be6 9. Qe2 Nd7 10. O-O-O f6 11.
Nh4 O-O-O 12. Nf5 Bxf5 13. exf5 Bc5 14. Ne4 Bxe3+ 15. Qxe3 Nb6 16. g4 Kb8 17. Qc5 Qf7 18. Kb1 Nd5 19. d4 Rhe8 20. Nc3 exd4 21. Qxd4 Nxc3+ 22. Qxc3 Rd5 23. Rd3 Red8 24. Rhd1 Qe7 25. b3 Rxd3 26.
Rxd3 Rxd3 27. Qxd3 b6 28. Qc4 Qe1+ 29. Kb2 Kb7 30. Qf7 Qe5+ 31. Kb1 Qe1+ 32. Kb2 Qe5+ 33.
Kb1 Qe1+ 34. Kb2 1/2-1/2

[Event "*** Titled Tuesday Blitz"]
[Site "Chess.com"]
[Date "2019.12.03"]
[Round "4"]
[White "Bagirova"]
[Black "Bad4life"]
[Result "1/2-1/2"]
[WhiteElo "2119"]
[BlackElo "2401"]
[TimeControl "180+2"]
[EndTime "13:50:33 PST"]
[Termination "Game drawn by repetition"]

1. e4 c5 2. Nf3 d6 3. d4 cxd4 4. Nxd4 Nf6 5. Nc3 a6 6. a4 e5 7.
Nb3 Be7 8. Be2 O-O 9. O-O Nc6 10. Be3 Qc7 11. h3 Be6 12. f4 exf4 13. Bxf4 Ne5 14. Nd4 Qb6 15. Rb1 Bc4 16. Be3 Bxe2 17. Qxe2 Rfd8 18. Ne6 Qc6 19. Nxd8 Bxd8 20. Bg5 Bb6+ 21.
Kh1 Ned7 22. Bxf6 Nxf6 23. Rxf6 gxf6 24. Qg4+ Kh8 25. Nd5 Rg8 26. Qf5 Qxc2 27. Qxf6+ Rg7 28. Rg1 Bxg1 29. Qd8+ Rg8 30. Qf6+ Rg7 31. Qd8+ Rg8 32.
Qf6+ Rg7 1/2-1/2

[Event "*** Titled Tuesday Blitz"]
[Site "Chess.com"]
[Date "2019.12.03"]
[Round "4"]
[White "dusanacns"]
[Black "Chessmatus"]
[Result "1-0"]
[WhiteElo "2683"]
[BlackElo "2381"]
[TimeControl "180+2"]
[EndTime "13:50:35 PST"]
[Termination "dusanacns won by resignation"]

1. e4 c5 2. Nf3 d6 3. d4 cxd4 4. Nxd4 Nf6 5. Nc3 a6 6. Bg5 Nbd7 7. f3 h6 8. Be3 e6 9. Qd2 b5 10. a3 h5 11. O-O-O Bb7 12. g3 Rc8 13. h3 Be7 14. Kb1 Nb6 15. Rh2 Nc4 16. Bxc4 Rxc4 17. g4 Qc7 18. Rg2 hxg4 19. hxg4 b4 20. axb4 Rxb4 21. g5 Nd7 22. g6 Ne5 23. gxf7+ Kxf7 24. Rxg7+ Ke8 25. Nxe6 Qa5 26. Rxe7+ Kxe7 27. Qxd6+ Kf7 28. Ng5+ Kg7 29. Qe7+ Kg6 30. Qe6+ Kg7 31. Rd7+ Nxd7 32.
Qf7+ Kh6 33. Ne6+ 1-0

[Event "*** Titled Tuesday Blitz"]
[Site "Chess.com"]
[Date "2019.12.03"]
[Round "4"]
[White "INLOVEWITHF"]
[Black "CzechmVIII"]
[Result "1-0"]
[WhiteElo "2434"]
[BlackElo "2135"]
[TimeControl "180+2"]
[EndTime "13:50:47 PST"]
[Termination "INLOVEWITHF won on time"]

1. e4 c5 2. Nf3 d6 3. d4 cxd4 4. Nxd4 Nf6 5. Nc3 g6 6. Be3 Bg7 7. f3 O-O 8. Qd2 Nc6 9. O-O-O d5 10. Qe1 e5 11. Nxc6 bxc6 12. exd5 Nxd5 13. Ne4 Qc7 14. Bc5 Rd8 15. Kb1 f5 16. Nf2 Be6 17. Bc4 Nf4 18. Qc3 e4 19. Qb3 Bxc4 20. Qxc4+ Nd5 21. fxe4 fxe4 22. Nxe4 Rab8 23. c3 Kh8 24. Ka1 Re8 25. Nd6 Re5 26. Rhf1 Nf6 27. Nf7+ Kg8 28. Nh6+ Kh8 29.
Nf7+ Kg8 30. Nxe5+ Kh8 31. Bd6 1-0

[Event "*** Titled Tuesday Blitz"]
[Site "Chess.com"]
[Date "2019.12.03"]
[Round "4"]
[White "Gabrielian_Artur"]
[Black "bait_or_mate"]
[Result "1-0"]
[WhiteElo "2798"]
[BlackElo "2548"]
[TimeControl "180+2"]
[EndTime "13:50:50 PST"]
[Termination "Gabrielian_Artur won by resignation"]

1. e4 c6 2. d4 d5 3. Nd2 dxe4 4. Nxe4 Bf5 5. Ng3 Bg6 6. c3 Nf6 7. Nh3 Qa5 8. Qb3 Qb6 9. Nf4 Nbd7 10. h4 a6 11. Qxb6 Nxb6 12. h5 Be4 13. Nxe4 Nxe4 14. Bd3 Nf6 15. h6 g6 16. Nh3 e6 17. Ng5 Be7 18.
f3 O-O 19. Bd2 Rad8 20. O-O-O c5 21. dxc5 Bxc5 22. Ne4 Nxe4 23. Bxe4 Rd7 24. Bg5 f6 25. Rxd7 Nxd7 26. Rd1 Nb6 27. Bf4 e5 28. Bd2 Rb8 29.
b4 Be7 30. Be3 Nc4 31. Bd5+ 1-0

[Event "*** Titled Tuesday Blitz"]
[Site "Chess.com"]
[Date "2019.12.03"]
[Round "4"]
[White "GulamaliRises"]
[Black "NemtsevIgor"]
[Result "1-0"]
[WhiteElo "2489"]
[BlackElo "2322"]
[TimeControl "180+2"]
[EndTime "13:50:51 PST"]
[Termination "GulamaliRises won by resignation"]

1. e4 c6 2. d4 d5 3. e5 c5 4.
c3 Nc6 5. dxc5 Nxe5 6. f4 Nc6 7. Bb5 Nf6 8. Nf3 Bg4 9. O-O g6 10. Qa4 Bxf3 11. Rxf3 Rc8 12. Qxa7 Qd7 13. Qa4 Bg7 14. Be3 O-O 15. Nd2 Qc7 16. Bxc6 bxc6 17. Bd4 Nd7 18.
Bxg7 Kxg7 19. Qd4+ f6 20. f5 Ne5 21. Rh3 g5 22. b4 h6 23. Nb3 Qd7 24. Rf1 e6 25. fxe6 Qxe6 26. Qd1 Nc4 27. Nd4 Qe4 28. Re1 Qf4 29.
Ne6+ 1-0